 Dungeon Crawl Stone Soup version 0.19.0-2-gae57169 (webtiles) character file.

156 hurricos the Cudgeler (level 5, -2/32 HPs)
             Began as a Kobold Fighter on Nov 6, 2016.
             Slain by Duvessa
             ... wielding a +0 rapier
              (5 damage)
             ... on level 4 of the Dungeon.
             The game lasted 00:03:09 (2785 turns).

hurricos the Cudgeler (Kobold Fighter)              Turns: 2785, Time: 00:03:09

Health: -2/32      AC:  8    Str: 17    XL:     5   Next: 64%
Magic:  5/5        EV: 13    Int: 14    God:
Gold:   133        SH:  9    Dex: 20    Spells: 0 memorised, 4 levels left

rFire  + . .     SeeInvis .     u - +1 flail
rCold  . . .     Gourm    .     b - +0 scale mail
rNeg   . . .     Faith    .     c - +0 shield
rPois  .         Spirit   .     (no helmet)
rElec  .         Reflect  .     (no cloak)
rCorr  .         Harm     .     j - +1 pair of gloves
MR     .....                    (no boots)
Stlth  +.........               (no amulet)
                                t - +3 ring of strength
                                n - ring of protection from fire

@: brilliant, agile, glowing
A: claws 1, blurry vision 1, carnivore 3, high mp 1
a: no special abilities


You were on level 4 of the Dungeon.
You were full.

You visited 1 branch of the dungeon, and saw 4 of its levels.

You collected 133 gold pieces.

Inventory:

Hand Weapons
 a - a +1 trident of venom
 u - a +1 flail (weapon)
Armour
 b - a +0 scale mail (worn)
 c - a +0 shield (worn)
 j - a +1 pair of gloves (worn)
Jewellery
 n - a ring of protection from fire (left hand)
 p - an uncursed ring of ice
 q - an uncursed ring of positive energy
 t - a +3 ring of strength (right hand)
Wands
 i - a wand of teleportation (5/9)
Scrolls
 d - a scroll of enchant armour
 e - a scroll of recharging {unknown}
 r - a scroll of identify
Books
 k - a book of Cantrips

   Spells                             Type                      Level
   a - Confusing Touch                Hexes                        1
   b - Animate Skeleton               Necromancy                   1
   c - Summon Small Mammal            Summoning                    1
   d - Apportation                    Translocation                1


   Skills:
 - Level 3.2 Fighting
 + Level 4.9 Maces & Flails
 - Level 2.4 Armour
 - Level 2.4 Shields


You had 4 spell levels left.
You didn't know any spells.

Dungeon Overview and Level Annotations

Branches:
Dungeon (4/15)
 Temple: D:4-7

Altars:

Annotations:
D:4 Duvessa, Menkaure


Innate Abilities, Weirdness & Mutations

You are small and have problems with some larger weapons.
You are carnivorous and can eat meat at any time.
You have sharp fingernails.
Scrolls take you a little longer to read.
You have an increased reservoir of magic. (+10% MP)


Message History

Dowan hits you but does no damage.
As you read the scroll labeled DUTWEW MUAF, it crumbles to dust.
It is a scroll of enchant armour.
Your +0 pair of gloves glows green for a moment.
Unknown command.
You hit Dowan.
You kill Dowan!
Duvessa weeps, then rights herself and shakes her weapon.
Duvessa goes berserk!
Duvessa hits you with a rapier.
* * * LOW HITPOINT WARNING * * *
Menkaure mumbles some strange words.
Menkaure seems to speed up.
You block Duvessa's attack.
You hit Duvessa but do no damage.
Duvessa is severely wounded.
Duvessa barely misses you.
Unknown command.
You hit Duvessa.
Duvessa is severely wounded.
You block Duvessa's attack. Duvessa hits you with a rapier.
You die...

#####
############...#
#............#.#
###....#######...####
.....<..# #......#
####...## ####..###.#
##.## #.........# #.#
#.##..##..# #.# #
#.)@eM.# #+# #.###..#
#. ...# .. ...##
###.##.# .. #.# ..
... ## #.#


You could see Duvessa (berserk) and Menkaure.

Vanquished Creatures
  Dowan (D:4)
  3 adders (D:3)
  An ooze (D:1)
  A worm (D:2)
  4 dart slugs
  2 leopard geckos
  2 orcs (D:3)
  13 bats
  A giant cockroach (D:2)
  7 hobgoblins
  4 jackals (D:3)
  A quokka (D:3)
  5 frilled lizards
  8 goblins
  6 kobolds
  5 rats
64 creatures vanquished.

Notes
Turn   | Place    | Note
-------+----------+-------------------------------------------
     0 | D:1      | hurricos the Kobold Fighter began the quest for the Orb.
     0 | D:1      | Reached XP level 1. HP: 14/14 MP: 1/1
    11 | D:1      | Reached skill level 2 in Maces & Flails
    87 | D:1      | Reached XP level 2. HP: 19/19 MP: 2/2
   239 | D:1      | Reached XP level 3. HP: 15/23 MP: 3/3
   243 | D:1      | Reached skill level 3 in Maces & Flails
  1322 | D:3      | Reached XP level 4. HP: 16/28 MP: 4/4
  1587 | D:3      | Reached skill level 4 in Maces & Flails
  1893 | D:3      | HP: 1/28 [adder (4)]
  2343 | D:3      | Reached XP level 5. HP: 32/32 MP: 5/5
  2758 | D:4      | Noticed Dowan
  2759 | D:4      | Noticed Duvessa
  2765 | D:4      | Gained mutation: You have sharp fingernails. [potion of mutation]
  2765 | D:4      | Gained mutation: Scrolls take you a little longer to read. [potion of mutation]
  2765 | D:4      | Gained mutation: You have an increased reservoir of magic. (+10% MP) [potion of mutation]
  2766 | D:4      | Noticed Menkaure
  2783 | D:4      | Killed Dowan
  2785 | D:4      | Slain by Duvessa

Skill      XL: |  1  2  3  4 |
---------------+-------------+-----
Maces & Flails | 2 3 4 |  4.9
Fighting       | |  3.2
Armour         | |  2.4
Shields        | |  2.4

Action                   |  1- 3 |  4- 6 || total
-------------------------+-------+-------++-------
Melee: Flail             |   158 |   161 ||   319
  Use: Scroll            |     3 |     2 ||     5
       Potion            |     2 |    10 ||    12
  Eat: Chunk             |     3 |       ||     3
       Beef jerky        |       |     1 ||     1
       Meat ration       |       |     1 ||     1
Armor: Scale mail        |    65 |    66 ||   131
Dodge: Dodged            |    67 |    76 ||   143
Block: Shield            |    57 |   119 ||   176
